Map: Torres del ocaso

Players

Xandros

  • Race: Zerg Zerg

IA (Muy difícil) 1 - Winner!

  • Race: Terran Terran

VOD

Have the link to the VOD?

Description

Time

  • Played on: Nov. 24, 2015, 4:30 a.m.
  • Length: 20:56
Show
View Real Time Build Order
Export as new Build Order

Xandros Zerg 

Build Orders: Hatch First 

Get SALT Encoding   

  12  0:05  Drone  
  13  0:13  Overlord  
  13  0:17  Drone  
  14  0:33  Drone x2  
  16  0:54  Hatchery  
  15  1:08  Spawning Pool  
  15  1:09  Drone  
  16  1:11  Drone  
  16  1:25  Drone x2  
  18  1:36  Drone  
  19  1:41  Extractor  
  18  1:52  Drone  
  19  1:56  Zergling x2  
  19  1:57  Queen  
  22  2:11  Overlord  
  22  2:18  Zergling x2  
  23  2:30  Spine Crawler  
  22  2:39  Queen  
  22  2:41  Queen  
  26  3:00  Baneling Nest  
  26  3:02  Drone x3  
  28  3:15  Queen  
  30  3:25  Queen  
  32  3:33  Zergling x4  
  34  3:35  Zergling x2  
  35  3:43  Extractor  
  35  3:44  Drone x2  
  36  3:51  Lair  
  36  4:34  Overlord  
  36  4:35  Overlord  
  36  4:37  Overlord  
  36  4:49  Centrifical Hooks  
  36  4:51  Metabolic Boost  
  36  4:53  Drone  
  36  4:54  Drone x2  
  39  5:00  Drone  
  39  5:01  Drone x4  
  39  5:02  Drone  
  45  5:20  Hatchery  
  44  5:23  Drone x2  
  44  5:24  Drone  
  47  5:28  Drone  
  47  5:29  Drone  
  47  5:30  Extractor  
  48  6:01  Evolution Chamber  
  47  6:20  Overseer  
  47  6:27  Zergling x4  
  47  6:28  Zergling x10  
  47  6:29  Zergling x4  
  56  6:35  Drone  
  56  6:36  Drone  
  58  6:46  Evolution Chamber  
  57  6:55  Drone x3  
  60  7:04  Drone x4, Extractor  
  60  7:05  Drone  
  64  7:19  Zerg Ground Armor Level 1  
  64  7:20  Zerg Missile Weapons Level 1  
  64  7:40  Baneling x4  
  64  7:41  Baneling x4  
  64  7:42  Baneling x4  
  64  7:47  Overlord  
  64  7:50  Overlord  
  64  7:53  Overlord  
  64  7:54  Overlord  
  64  8:10  Infestation Pit  
  63  8:16  Overseer  
  63  8:49  Drone x4  
  67  8:56  Roach Warren  
  66  9:11  Drone x3  
  69  9:17  Drone x4  
  69  9:18  Drone x2  
  69  9:21  Zerg Missile Weapons Level 2, Extractor  
  69  9:22  Zerg Ground Armor Level 2  
  74  9:37  Roach x8  
  74  9:38  Roach x4  
  98  9:59  Spine Crawler  
  97  10:09  Hive  
  97  10:11  Spire  
  97  10:13  Glial Reconstitution  
  96  10:30  Spore Crawler  
  95  10:35  Drone  
  95  10:36  Drone x2  
  95  10:41  Overlord, Extractor  
  95  10:42  Overlord x3, Spore Crawler  
  96  10:46  Spore Crawler  
  96  10:48  Roach  
  97  10:50  Ravager  
  98  10:57  Overlord x2  
  98  10:58  Overlord x2  
  98  11:14  Drone  
  98  11:15  Drone x3  
  98  11:18  Drone x3  
  104  11:20  Drone x3  
  104  11:22  Overlord x3  
  104  11:25  Hatchery  
  107  11:26  Roach x3  
  107  11:27  Roach x4  
  107  11:32  Ravager x4  
  125  11:33  Ravager x3  
  125  11:35  Ravager  
  125  11:38  Roach x3  
  125  11:39  Roach x10  
  111  12:55  Roach x4  
  111  12:56  Roach x5  
  111  12:57  Roach x3  
  118  13:42  Zergling x2  
  118  13:43  Zergling x14  
  118  13:44  Zergling x20  
  136  14:14  Zerg Ground Armor Level 3, Zerg Missile Weapons Level 3  
  124  14:23  Extractor  
  107  14:34  Baneling x2  
  107  14:35  Baneling x3  
  107  14:36  Baneling  
  107  14:37  Baneling  
  107  14:40  Roach x2  
  107  14:41  Roach x10  
  107  14:42  Roach x10  
  151  14:52  Drone x3  
  154  14:56  Drone  
  155  15:05  Spire  
  154  15:11  Ravager x5  
  154  15:12  Ravager  
  90  16:11  Zergling x6  
  90  16:12  Zergling x10  
  90  16:13  Zergling x8  
  90  16:14  Zergling x10  
  107  16:21  Roach x2  
  107  16:22  Mutalisk x2, Roach x3  
  107  16:23  Mutalisk x5  
  107  16:24  Mutalisk  
  133  16:26  Roach x2  
  137  16:44  Baneling  
  137  16:45  Baneling x7  
  85  17:36  Zergling x2  
  85  17:37  Zergling x10  
  72  17:38  Zergling x2  
  75  17:46  Drone x2  
  75  17:47  Drone  
  78  18:01  Hatchery  
  78  18:03  Roach x6  
  78  18:04  Roach x12  
  78  18:05  Roach x10  
  133  18:15  Baneling x2  
  133  18:16  Baneling x3  
  133  18:35  Extractor  
  132  19:03  Ravager x3  
  132  19:04  Ravager x5  
  132  19:05  Ravager  
  132  19:08  Roach x2  
  132  19:09  Roach x5  
  157  19:10  Roach x2  
  158  19:21  Drone  
  158  19:22  Drone x3  
  156  19:24  Zergling x2  
  156  19:25  Zergling x12  
  156  19:26  Zergling x10  
  156  19:27  Zergling x8  
  172  19:41  Hydralisk Den  
  171  19:49  Ultralisk Cavern  
  170  20:05  Roach x6  
  170  20:06  Roach x6  
  113  20:36  Ravager x3  
  113  20:37  Ravager  
  116  20:43  Ravager x2  
  116  20:44  Ravager, Spine Crawler  
Show
View Real Time Build Order
Export as new Build Order

IA (Muy difícil) 1 Terran - Winner!

Build Orders: Bio Tank, MMM Bio 

Get SALT Encoding   

  12  0:10  Supply Depot  
  12  0:13  SCV  
  13  0:37  Barracks  
  13  0:42  Barracks  
  13  0:57  Barracks  
  13  0:58  SCV  
  14  1:10  SCV  
  15  1:26  Barracks, Marine  
  15  1:29  Marine  
  17  1:44  Marine x2  
  17  1:47  Marine  
  19  1:52  Supply Depot  
  20  2:01  Marine  
  20  2:02  Marine  
  20  2:04  Marine  
  23  2:14  Marine  
  24  2:19  Marine  
  24  2:20  Marine  
  24  2:22  Marine  
  27  2:32  Marine  
  28  2:37  Marine x2  
  28  2:43  Supply Depot  
  30  2:45  Marine  
  31  2:54  Refinery  
  31  3:05  SCV  
  32  3:17  SCV  
  33  3:29  SCV  
  34  3:41  SCV  
  34  3:42  Refinery  
  35  3:53  SCV  
  36  3:58  Factory  
  36  4:05  SCV  
  37  4:17  SCV  
  38  4:26  Barracks Tech Lab  
  38  4:30  SCV  
  39  4:31  Supply Depot  
  39  4:35  Barracks Tech Lab  
  39  4:44  Starport  
  39  4:53  SCV, Marauder  
  39  4:55  Supply Depot  
  39  4:59  Marauder  
  44  5:06  Orbital Command  
  44  5:15  Marauder  
  44  5:20  Marauder  
  48  5:26  Supply Depot  
  48  5:32  SCV  
  49  5:44  SCV  
  49  5:49  Barracks Reactor  
  52  5:50  Factory Tech Lab, Stimpack, Marauder  
  52  5:58  Marauder  
  54  6:10  Command Center  
  54  6:18  Siege Tank  
  57  6:25  Supply Depot  
  57  6:28  Marauder  
  59  6:34  Marauder  
  61  6:49  Marauder  
  61  6:50  Siege Tank  
  66  6:54  Supply Depot  
  66  6:57  Marauder  
  68  7:18  Supply Depot  
  68  7:19  Combat Shields  
  68  7:22  Siege Tank  
  68  7:23  SCV x2  
  73  7:30  Refinery  
  73  7:35  SCV  
  73  7:36  SCV  
  75  7:47  SCV  
  75  7:48  SCV  
  77  7:54  Concussive Shells  
  77  7:55  Siege Tank  
  80  7:59  SCV  
  80  8:00  SCV  
  82  8:11  SCV  
  82  8:12  SCV  
  84  8:19  Refinery  
  84  8:24  SCV x2  
  86  8:27  Engineering Bay  
  86  8:33  Engineering Bay  
  86  8:36  SCV  
  87  8:51  SCV  
  87  8:52  Terran Infantry Armor Level 1  
  87  8:53  SCV  
  87  8:55  Command Center  
  89  8:59  Terran Infantry Weapons Level 1  
  89  9:03  SCV  
  89  9:05  SCV  
  91  9:10  Supply Depot  
  91  9:16  SCV  
  92  9:17  SCV, Missile Turret  
  93  9:24  Missile Turret  
  93  9:25  Starport Reactor  
  93  9:28  SCV  
  93  9:30  SCV  
  95  9:38  Marauder  
  97  9:40  SCV  
  97  9:43  Supply Depot, Orbital Command  
  100  9:45  Marauder  
  100  9:51  Siege Tank  
  103  10:01  Medivac  
  103  10:04  Medivac  
  103  10:07  SCV, Supply Depot  
  108  10:08  SCV  
  108  10:10  SCV  
  110  10:19  SCV  
  110  10:20  SCV  
  112  10:22  SCV  
  112  10:23  Widow Mine  
  112  10:27  Missile Turret  
  115  10:30  Missile Turret  
  115  10:31  SCV  
  115  10:32  SCV  
  115  10:34  SCV  
  118  10:43  SCV  
  118  10:44  SCV  
  118  10:45  Supply Depot  
  118  10:46  SCV  
  121  10:50  Missile Turret  
  121  10:51  Widow Mine  
  121  10:55  SCV  
  124  10:57  Armory  
  124  10:58  SCV  
  124  10:59  Orbital Command  
  125  11:07  SCV  
  125  11:09  Supply Depot  
  126  11:13  Missile Turret  
  126  11:15  Medivac  
  128  11:19  Factory, Hi-Sec Auto Tracking  
  128  11:20  Widow Mine  
  128  11:23  Command Center, Starport  
  129  11:43  Supply Depot  
  129  11:45  Terran Infantry Weapons Level 2  
  129  11:46  Missile Turret  
  129  11:48  Widow Mine  
  129  11:49  Armory  
  131  11:57  Medivac  
  131  11:59  Starport Tech Lab  
  133  12:02  Hellion  
  133  12:04  Terran Vehicle Weapons Level 1  
  135  12:10  Supply Depot  
  135  12:13  Refinery  
  135  12:16  Refinery, Building Armor  
  135  12:17  Raven  
  135  12:18  Hellion  
  135  12:21  Marauder x2  
  142  12:27  Hellion  
  143  12:34  Missile Turret  
  143  12:35  SCV x2  
  143  12:36  SCV  
  146  12:37  Missile Turret, Marine  
  146  12:38  Supply Depot  
  146  12:39  Siege Tank  
  146  12:40  Marine x2  
  146  12:42  Marauder x2  
  137  12:47  SCV  
  137  12:49  Factory Tech Lab  
  108  12:55  Marine  
  108  12:58  Marine x2  
  96  13:00  Raven  
  96  13:03  Marauder x2  
  97  13:07  Siege Tank  
  97  13:08  Barracks  
  97  13:09  Terran Vehicle And Ship Armor Level 1  
  97  13:11  SCV, Cyclone  
  96  13:13  Marine  
  96  13:15  Marine  
  96  13:16  Marine, Liberator  
  97  13:20  Command Center  
  97  13:21  Liberator  
  97  13:25  Marauder x2  
  101  13:31  Barracks Tech Lab  
  101  13:33  Marine  
  105  13:34  Marine  
  105  13:39  Widow Mine  
  111  13:43  Cyclone  
  111  13:45  Marine  
  111  13:46  Marauder  
  111  13:47  Viking  
  119  13:50  Marauder  
  119  13:51  Marine  
  119  13:52  Marine  
  119  13:55  Marine  
  124  13:58  High Capacity Fuel Tanks  
  124  14:04  Marauder  
  124  14:08  Siege Tank, Marauder  
  124  14:09  Marine  
  130  14:10  Marine  
  130  14:11  Marauder  
  130  14:13  Marine  
  130  14:15  Siege Tank  
  130  14:16  Viking  
  127  14:25  Marauder  
  127  14:27  Marine x2  
  127  14:29  Marauder  
  127  14:30  Marine  
  133  14:33  Marauder  
  133  14:34  Command Center  
  135  14:39  Widow Mine  
  135  14:44  Terran Infantry Weapons Level 3, Marine  
  138  14:47  Hellion, Marine, Marauder  
  138  14:49  Marine  
  138  14:50  Marine  
  145  14:54  Marine  
  146  15:01  Supply Depot  
  146  15:02  Marine  
  146  15:06  Viking  
  149  15:08  Marine x2, Cyclone, Marauder, Widow Mine  
  149  15:09  Marine  
  149  15:12  Marine  
  160  15:18  Viking  
  160  15:20  Marine, Medivac  
  165  15:26  Marine  
  165  15:27  Supply Depot, Marauder  
  168  15:33  Ghost Academy  
  168  15:35  Marauder  
  169  15:37  Hellion, Marauder  
  169  15:41  Hellion  
  164  15:47  Marine  
  164  15:48  Marauder  
  164  15:49  Marine  
  154  15:51  Marine  
  154  15:56  Marauder  
  131  15:59  Hellion, Marauder  
  131  16:01  Widow Mine  
  118  16:05  Command Center, Marine  
  118  16:09  Marauder  
  121  16:18  Marauder  
  123  16:20  Ghost  
  123  16:21  Marine  
  123  16:22  Marine  
  123  16:23  Marine  
  128  16:29  Siege Tank  
  131  16:34  Siege Tank  
  131  16:39  Marine  
  135  16:41  Marine  
  136  16:49  Marauder  
  136  16:53  Terran Vehicle Weapons Level 2  
  137  16:57  Raven, Marauder  
  141  17:01  Siege Tank  
  141  17:07  Hellion  
  146  17:10  Marauder  
  147  17:17  Marine  
  139  17:23  Marauder  
  139  17:28  Hellion  
  130  17:33  Siege Tank  
  122  17:44  Marine x3  
  122  17:45  Marine, Marauder  
  122  17:46  Marine  
  122  17:49  Cyclone  
  132  18:00  Command Center  
  132  18:09  Siege Tank  
  132  18:11  Marine  
  136  18:16  Marine  
  136  18:17  Marine  
  138  18:26  Marine  
  139  18:29  Marauder  
  139  18:30  Marine  
  142  18:35  Marauder  
  142  18:41  Marauder  
  145  18:51  Marauder  
  147  18:57  Marauder  
  147  19:02  Marauder  
  151  19:04  Hellion  
  153  19:12  Marauder  
  152  19:41  Marauder  
  152  19:42  Marauder x2  
  157  19:47  Factory  
  157  19:55  Command Center  
  157  20:03  Marauder  
  157  20:06  Hellion  
  161  20:07  Medivac  
  161  20:13  Marauder  
  146  20:15  Marauder  
  146  20:19  Hellion  
  138  20:21  Marine  
  138  20:22  Marine  
  138  20:25  Marine  
Tags
 
Add a new tag
Caveats
  • Supply blocks, unpowered buildings, or Contaminate may cause inaccurate times.
  • Supply counts are checked every 10 seconds.